 Dungeon Sprint DCSS version 0.20-a0-640-g62ed22f (webtiles) character file.

119 esc the Sneak (level 4, -20/23 HPs)
             Began as a Spriggan Enchanter on Feb 12, 2017.
             Shot with a bolt by a yaktaur captain (43 damage)
             ... in the Dungeon (Sprint II: "The Violet Keep of Menkaure").
             The game lasted 00:01:14 (242 turns).

esc the Sneak (Spriggan Enchanter)                   Turns: 242, Time: 00:01:14

Health: -20/23     AC:  2    Str:  4    XL:     4   Next: 74%
Magic:  12/12      EV: 22    Int: 16    God:
Gold:   0          SH:  0    Dex: 17    Spells: 12/13 levels left

rFire    . . .     SeeInvis +   a - +1 dagger
rCold    . . .     Gourm    .   b - +0 robe
rNeg     . . .     Faith    .   (shield restricted)
rPois    .         Spirit   .   (helmet restricted)
rElec    .         Reflect  .   (no cloak)
rCorr    .         Harm     .   (gloves unavailable)
MR       .....     NoTele   +   (boots unavailable)
Stlth    ++++......             (no amulet)
Regen    0.1/turn               (no ring)
MPRegen  0.2/turn               (no ring)

@: very quick
A: unfitting armour, see invisible, herbivore 3, speed 3, slow metabolism 2
a: no special abilities


You were in the Dungeon.
You were not hungry.

You visited 1 branch

Inventory:

Hand Weapons
 a - a +1 dagger (weapon)
Armour
 b - a +0 robe (worn)
Scrolls
 j - a scroll of blinking {!r}
Potions
 e - a potion of curing
 f - a potion of heal wounds
 g - a potion of haste
 h - 2 potions of magic
 i - a potion of berserk rage {!q}
Books
 c - a book of Maledictions
Comestibles
 d - a bread ration {@e1}


   Skills:
 + Level 2.9 Fighting
 + Level 4.1 Short Blades
 + Level 6.3 Dodging
 + Level 7.5 Stealth
 + Level 5.3 Spellcasting
 + Level 5.8 Hexes


You had 12 spell levels left.
You knew the following spells:

 Your Spells              Type           Power        Failure   Level  Hunger
v - Corona                Hex            ###....      1%          1    None


Dungeon Overview and Level Annotations

Branches:
Dungeon (1/1)

Altars:

Shops:
D }(:[[[=?:=?%!

Annotations:
D exclusions: Kirke and obsidian statue, Kirke


Innate Abilities, Weirdness & Mutations

You are very small and have problems with some larger weapons.
You are too small for most types of armour.
You have supernaturally acute eyesight. (SInv)
You are a herbivore.
You cover ground extremely quickly.
You need consume almost no food.


Message History

Welcome, esc the Spriggan Enchanter.
Found a staircase leading out of the dungeon.
You open the door. 2 worker ants come into view.
The worker ant twitches its antennae in your direction.
There is a staircase leading out of the dungeon here.
There is a staircase leading out of the dungeon here.
The worker ant barely misses you.
There is an open door here. 2 worker ants come into view.
The worker ant twitches its antennae in your direction.
You see here 243 gold pieces.
The helpless worker ant fails to defend itself.
You impale the worker ant!!
You kill the worker ant!
Your Fighting skill increases to level 1!
Your Short Blades skill increases to level 2!
Your Dodging skill increases to level 4!
Your Stealth skill increases to level 5!
Your Spellcasting skill increases to level 3!
Your Hexes skill increases to level 4!
You have reached level 2!
The worker ant completely misses you.
Health restored: 14 You see here a worker ant corpse.
The helpless worker ant fails to defend itself.
You impale the worker ant!!
You kill the worker ant!
Your Fighting skill increases to level 2!
Your Short Blades skill increases to level 3!
Your Dodging skill increases to level 5!
Your Stealth skill increases to level 6!
Your Spellcasting skill increases to level 4!
You have reached level 3!
Your experience leads to an increase in your attributes!
Increase (S)trength, (I)ntelligence, or (D)exterity?
You feel agile. The worker ant misses you.
Health restored: 18 You open the door.
The worker ant barely misses you.
There is an open door here.
A crocodile comes into view.
The worker ant completely misses you.
The helpless crocodile fails to defend itself.
You impale the crocodile!!
You kill the crocodile!
Your Short Blades skill increases to level 4!
Your Dodging skill increases to level 6!
Your Stealth skill increases to level 7!
Your Spellcasting skill increases to level 5!
Your Hexes skill increases to level 5!
You have reached level 4!
The worker ant bites you.
You are poisoned.
The worker ant poisons you!
You feel sick.
Found Fofyirgh's Magic Scroll Shop and Avepraun's Food Boutique.
You take 1 damage, and have 18/23 hp.
Found Paeclihu's Magic Scroll Shop and Goyng's Book Shop.
You enter the shallow water.
Moving in this stuff is going to be slow.
You feel sick.
Found four shops.
You take 1 damage, and have 17/23 hp.
You feel sick.
Found five shops.
You take 1 damage, and have 16/23 hp.
The worker ant splashes around in the water.
You closely miss the worker ant.
You feel sick. The worker ant barely misses you.
The worker ant completely misses you.
You take 1 damage, and have 15/23 hp.
The worker ant closely misses you. The worker ant barely misses you.
The worker ant completely misses you.
You feel sick.
You take 1 damage, and have 14/23 hp.
There is an open door here.
You feel sick.
You take 1 damage, and have 13/23 hp.
You close the door.
You start resting.
You feel sick. x5
You are no longer poisoned.
You take 4 damage, and have 9/23 hp.
You regained 2 mp, and now have 10/12 mp.
Unknown command.
You start resting.
The walls and floor vibrate strangely for a moment.
You regained 4 hp, and now have 13/23 hp.
MP restored: 12 You start resting.
Health restored: 23 You open the door.
There is an open door here.
A yaktaur captain, a skeletal warrior and Kirke come into view.
The yaktaur captain shouts!
The yaktaur captain wields an arbalest.
The yaktaur captain shoots a bolt.
The bolt hits you!!!
Ouch! That really hurt!
You die...

####+####
##≈§§§§§≈##
##§§§§§≈≈≈≈##
+≈§§§§8≈§≈≈≈# @
###§§§≈≈§§§≈ zc.≈##
§§≈≈§
#######≈≈#+++#+++##
######≈≈≈..@......#
.∩.∩.#≈≈≈≈÷##'##..#
∩.∩..#≈≈≈≈##.#.##.#
.∩...#≈≈≈≈#..#..#
..
∩....#≈≈#####$###
.. .∩...#≈## #'# ..
∩.∩..#≈ ##.## .
.∩.∩.+≈ +.<.+
..∩.∩#≈ ##.##


You could see Kirke (wandering), a yaktaur captain and a skeletal warrior.

Vanquished Creatures
  A crocodile (D)
  2 worker ants (D)
3 creatures vanquished.

Vanquished Creatures (others)
  A crocodile (D)
  A worker ant (D)
2 creatures vanquished.

Grand Total: 5 creatures vanquished

Notes
Turn   | Place    | Note
-------+----------+-------------------------------------------
     0 | D        | esc the Spriggan Enchanter began the quest for the Orb.
     0 | D        | Reached XP level 1. HP: 9/9 MP: 5/5
     1 | D        | Noticed a worker ant
     1 | D        | Noticed a worker ant
     9 | D        | Noticed a worker ant
     9 | D        | Noticed a worker ant
    10 | D        | Killed a worker ant
    10 | D        | Reached skill level 1 in Fighting
    10 | D        | Reached skill level 2 in Short Blades
    10 | D        | Reached skill level 4 in Dodging
    10 | D        | Reached skill level 5 in Stealth
    10 | D        | Reached skill level 3 in Spellcasting
    10 | D        | Reached skill level 4 in Hexes
    10 | D        | Reached XP level 2. HP: 14/14 MP: 5/7
    12 | D        | Reached skill level 2 in Fighting
    12 | D        | Reached skill level 3 in Short Blades
    12 | D        | Reached skill level 5 in Dodging
    12 | D        | Reached skill level 6 in Stealth
    12 | D        | Reached skill level 4 in Spellcasting
    12 | D        | Reached XP level 3. HP: 18/18 MP: 5/9
    14 | D        | Noticed an obsidian statue
    16 | D        | Noticed a crocodile
    20 | D        | Killed a crocodile
    20 | D        | Reached skill level 4 in Short Blades
    20 | D        | Reached skill level 6 in Dodging
    20 | D        | Reached skill level 7 in Stealth
    20 | D        | Reached skill level 5 in Spellcasting
    20 | D        | Reached skill level 5 in Hexes
    20 | D        | Reached XP level 4. HP: 23/23 MP: 6/12
    21 | D        | Found Fofyirgh's Magic Scroll Shop.
    21 | D        | Found Avepraun's Food Boutique.
    22 | D        | Found Paeclihu's Magic Scroll Shop.
    22 | D        | Found Goyng's Book Shop.
    23 | D        | Found Hucaluh's Armour Boutique.
    23 | D        | Found Juzeno's Antique Armour Shop.
    23 | D        | Found Vocuad's Antique Armour Boutique.
    23 | D        | Found Hoach's Jewellery Shop.
    24 | D        | Found Iced's Gadget Boutique.
    24 | D        | Found Juruy's Antique Weapon Shop.
    24 | D        | Found Pyaci's Book Boutique.
    24 | D        | Found Wausk's Distillery.
    24 | D        | Found Yptio's Jewellery Boutique.
    54 | D        | Killed a crocodile
   242 | D        | Noticed Kirke
   242 | D        | Noticed a skeletal warrior
   242 | D        | Noticed a yaktaur captain
   242 | D        | Shot with a bolt by a yaktaur captain

Vault maps used:
D:        the_violet_keep_of_menkaure

Skill      XL: |  1  2  3 |
---------------+----------+-----
Fighting       | 1 2 |  2.9
Short Blades   | 2 3 4 |  4.1
Dodging        | 4 5 6 |  6.3
Stealth        | 5 6 7 |  7.5
Spellcasting   | 3 4 5 |  5.3
Hexes          | 4 5 |  5.8

Action                   |  1- 3 |  4- 6 || total
-------------------------+-------+-------++-------
Melee: Dagger            |     3 |     1 ||     4
 Stab: Sleeping          |     3 |       ||     3
Dodge: Dodged            |     5 |     5 ||    10

Vault maps used:
D:        the_violet_keep_of_menkaure

Table legend:
 A = Turns spent in this place as a percentage of turns spent in the entire game.
 B = Non-inter-level travel turns spent in this place as a percentage of non-inter-level travel turns spent in the entire game.
 C = Inter-level travel turns spent in this place as a percentage of turns spent in this place.
 D = Turns resting spent in this place as a percentage of non-inter-level travel turns spent in this place.
 E = Turns spent auto-exploring this place as a percentage of non-inter-level travel turns spent in this place.
 F = Non-inter-level travel turns spent in this place divided by the number of levels of this place that you've seen.
                   A       B       C       D       E      F
               +-------+-------+-------+-------+-------+----------------------
         Total | 100.0 | 100.0 |   0.0 |  11.9 |   0.0 |  42.0
       Dungeon | 100.0 | 100.0 |   0.0 |  11.9 |   0.0 |  42.0
               +-------+-------+-------+-------+-------+----------------------

Table legend:
 A = Kills in this place as a percentage of kills in entire the game.
 B = Kills by you in this place as a percentage of kills by you in the entire game.
 C = Kills by friends in this place as a percentage of kills by friends in the entire game.
 D = Other kills in this place as a percentage of other kills in the entire game.
 E = Experience gained in this place as a percentage of experience gained in the entire game.
 F = Experience gained in this place divided by the number of levels of this place that you have seen.
                   A       B       C       D       E      F
               +-------+-------+-------+-------+-------+----------------------
         Total | 100.0 | 100.0 |  -nan |  -nan | 100.0 | 171.0
       Dungeon | 100.0 | 100.0 |  -nan |  -nan | 100.0 | 171.0
               +-------+-------+-------+-------+-------+----------------------
